MID
BURLINGTON BEES @ HICKORY CRAWDADS
07/13/2044
 
TOP OF THE 1ST
Burlington Bees batting - Pitching for Hickory Crawdads : LHP Chris P. Bacon
Pitching: LHP Chris P. Bacon
Batting: RHB Jonathan Ellis 0-0: Ball
1-0: Ball
2-0: Swinging Strike
2-1: Ball
3-1: Base on Balls
Batting: RHB Ryan Munro 0-0: Ball
1-0: Fielders Choice at 2nd, 6-4 (Groundball, 6M, EV 86.3 MPH)
Batting: LHB Rusty Ney 0-0: Called Strike
0-1: Called Strike
0-2: Strikes out swinging
Batting: RHB Luis Romero 0-0: Foul Ball, location: 2F
0-1: Swinging Strike
0-2: Ball
1-2: Strikes out swinging
Top of the 1st over - 0 runs, 0 hits, 0 errors, 1 left on base; Burlington 0 - Hickory 0
BOTTOM OF THE 1ST
Hickory Crawdads batting - Pitching for Burlington Bees : RHP Allen Weaver
Pitching: RHP Allen Weaver
Batting: RHB Luke Stark 0-0: Ball
1-0: Ball
2-0: Ball
3-0: Foul Ball, location: 2F
3-1: Called Strike
3-2: Base on Balls
Batting: LHB Franklin Quezada 0-0: Ball
1-0: Called Strike
1-1: Ball
2-1: Fielders Choice at 2nd, 6-4 (Groundball, 6, EV 83.8 MPH)
Batting: RHB Doug Hammertime 0-0: Called Strike
Franklin Quezada steals 2nd base
0-1: Ball
1-1: DOUBLE (Line Drive, 89D, EV 106.3 MPH)
Franklin Quezada scores
Batting: LHB Nick Foutz 0-0: Called Strike
0-1: Ball
1-1: Swinging Strike
Passed Ball!
Doug Hammertime to third
1-2: Strikes out swinging, 2-3 out at first.
Batting: LHB Casper Kersten 0-0: Ball
1-0: Ball
2-0: Ball
3-0: Base on Balls
Batting: RHB Jason Swisher 0-0: Ball
1-0: Foul Ball, location: 2F
1-1: Foul Ball, location: 2F
1-2: Foul Ball, location: 2F
1-2: Reached on error, E6 (Groundball, 6, EV 81.9 MPH)
Doug Hammertime scores
Casper Kersten to second
Batting: RHB Adryão Anto 0-0: Ball
1-0: Ball
2-0: Foul Ball, location: 2F
2-1: Called Strike
2-2: Fly out, F8 (Flyball, 8RD, EV 90.0 MPH)
Bottom of the 1st over - 2 runs, 1 hit, 1 error, 2 left on base; Burlington 0 - Hickory 2
TOP OF THE 2ND
Burlington Bees batting - Pitching for Hickory Crawdads : LHP Chris P. Bacon
Batting: RHB Greg Burdine 0-0: Ball
1-0: Called Strike
1-1: Foul Ball, location: 2F
1-2: Ground out 3-1 (Groundball, 34, EV 99.4 MPH)
Batting: RHB Ben Herman 0-0: Called Strike
0-1: Ball
1-1: Ball
2-1: Foul Ball, location: 2F
2-2: Foul Ball, location: 2F
2-2: Ball
3-2: Foul Ball, location: 2F
3-2: Foul Ball, location: 2F
3-2: SINGLE (Groundball, 34D, EV 96.3 MPH)
Batting: LHB Jorge Zermeno 0-0: Ball
1-0: Swinging Strike
1-1: Foul Ball, location: 2F
1-2: Ball
2-2: Ball
3-2: Base on Balls
Ben Herman to second
Batting: SHB Tim Connell 0-0: Swinging Strike
0-1: Foul Ball, location: 2F
0-2: Ball
1-2: Strikes out looking
Batting: RHB Rob Bly 0-0: Ball
1-0: Ball
2-0: Ball
3-0: Called Strike
3-1: Ground out 4-3 (Groundball, 4, EV 101.9 MPH)
Top of the 2nd over - 0 runs, 1 hit, 0 errors, 2 left on base; Burlington 0 - Hickory 2
BOTTOM OF THE 2ND
Hickory Crawdads batting - Pitching for Burlington Bees : RHP Allen Weaver
Batting: SHB Santos Renteria 0-0: Called Strike
0-1: Ball
1-1: Called Strike
1-2: Ground out 6-3 (Groundball, 6M, EV 76.9 MPH)
Batting: RHB Jose Guerrero 0-0: SINGLE (Line Drive, 4D, EV 101.3 MPH)
Batting: RHB Luke Stark 0-0: Called Strike
0-1: Ball
1-1: Ball
2-1: Foul Ball, location: 2F
2-2: Strikes out swinging
Batting: LHB Franklin Quezada 0-0: Ball
1-0: Called Strike
Jose Guerrero steals 2nd base
1-1: Ball
2-1: Ball
3-1: Called Strike
3-2: Foul Ball, location: 2F
3-2: DOUBLE (Flyball, 8LXD, EV 106.3 MPH)
Jose Guerrero scores
Batting: RHB Doug Hammertime 0-0: Fly out, F7 (Line Drive, 7D, EV 92.5 MPH)
Bottom of the 2nd over - 1 run, 2 hits, 0 errors, 1 left on base; Burlington 0 - Hickory 3
TOP OF THE 3RD
Burlington Bees batting - Pitching for Hickory Crawdads : LHP Chris P. Bacon
Batting: RHB Jonathan Ellis 0-0: SINGLE (Line Drive, 6M, EV 100.0 MPH)
Batting: RHB Ryan Munro 0-0: Foul Ball, location: 2F
0-1: Ball
1-1: Ball
2-1: Foul Ball, location: 2F
2-2: Ball
3-2: Strikes out swinging
Batting: LHB Rusty Ney 0-0: Ball
1-0: Called Strike
1-1: Ball
2-1: Called Strike
2-2: Foul Ball, location: 2F
2-2: Strikes out looking
Batting: RHB Luis Romero 0-0: Ball
1-0: Fly out, F8 (Line Drive, 8RD, EV 96.3 MPH)
Top of the 3rd over - 0 runs, 1 hit, 0 errors, 1 left on base; Burlington 0 - Hickory 3
BOTTOM OF THE 3RD
Hickory Crawdads batting - Pitching for Burlington Bees : RHP Allen Weaver
Batting: LHB Nick Foutz 0-0: Fly out, F9 (Line Drive, 9D, EV 98.8 MPH)
Batting: LHB Casper Kersten 0-0: Called Strike
0-1: Foul Ball, location: 2F
0-2: Strikes out looking
Batting: RHB Jason Swisher 0-0: Called Strike
0-1: Called Strike
0-2: Ball
1-2: Strikes out swinging
Bottom of the 3rd over - 0 runs, 0 hits, 0 errors, 0 left on base; Burlington 0 - Hickory 3
TOP OF THE 4TH
Burlington Bees batting - Pitching for Hickory Crawdads : LHP Chris P. Bacon
Batting: RHB Greg Burdine 0-0: Foul Ball, location: 2F
0-1: Foul Ball, location: 2F
0-2: Fly out, F8 (Flyball, 8RS, EV 76.9 MPH)
Batting: RHB Ben Herman 0-0: Ball
1-0: Foul Ball, location: 2F
1-1: Ball
2-1: Swinging Strike
2-2: Strikes out swinging
Batting: LHB Jorge Zermeno 0-0: Ball
1-0: Called Strike
1-1: Swinging Strike
1-2: Strikes out swinging
Top of the 4th over - 0 runs, 0 hits, 0 errors, 0 left on base; Burlington 0 - Hickory 3
BOTTOM OF THE 4TH
Hickory Crawdads batting - Pitching for Burlington Bees : RHP Allen Weaver
Batting: RHB Adryão Anto 0-0: Foul Ball, location: 2F
0-1: Foul Ball, location: 2F
0-2: Ball
1-2: Ball
2-2: Fly out, F8 (Line Drive, 8RM, EV 95.6 MPH)
Batting: SHB Santos Renteria 0-0: Ball
1-0: Fly out, F7 (Flyball, 7LD, EV 93.8 MPH)
Batting: RHB Jose Guerrero 0-0: Fly out, F8 (Flyball, 8LD, EV 90.6 MPH)
Bottom of the 4th over - 0 runs, 0 hits, 0 errors, 0 left on base; Burlington 0 - Hickory 3
TOP OF THE 5TH
Burlington Bees batting - Pitching for Hickory Crawdads : LHP Chris P. Bacon
Batting: SHB Tim Connell 0-0: Foul Ball, location: 2F
0-1: Foul Ball, location: 2F
0-2: Ground out 6-3 (Groundball, 56, EV 107.5 MPH)
Batting: RHB Rob Bly 0-0: Ball
1-0: Ball
2-0: Called Strike
2-1: Ground out 5-3 (Groundball, 56S, EV 67.5 MPH)
Batting: RHB Jonathan Ellis 0-0: Called Strike
0-1: Ball
1-1: Ball
2-1: Ball
3-1: Base on Balls
Batting: RHB Ryan Munro 0-0: Ball
1-0: Called Strike
1-1: Ball
2-1: Ball
3-1: Foul Ball, location: 2F
3-2: Strikes out looking
Top of the 5th over - 0 runs, 0 hits, 0 errors, 1 left on base; Burlington 0 - Hickory 3
BOTTOM OF THE 5TH
Hickory Crawdads batting - Pitching for Burlington Bees : RHP Allen Weaver
Batting: RHB Luke Stark 0-0: Called Strike
0-1: Ball
1-1: Foul Ball, location: 2F
1-2: Ball
2-2: Strikes out looking
Batting: LHB Franklin Quezada 0-0: Called Strike
0-1: Ball
1-1: Fly out, F7 (Flyball, 78M, EV 79.4 MPH)
Batting: RHB Doug Hammertime 0-0: Called Strike
0-1: Foul Ball, location: 2F
0-2: Ball
1-2: Ground out 6-3 (Groundball, 6M, EV 79.4 MPH)
Bottom of the 5th over - 0 runs, 0 hits, 0 errors, 0 left on base; Burlington 0 - Hickory 3
TOP OF THE 6TH
Burlington Bees batting - Pitching for Hickory Crawdads : LHP Chris P. Bacon
Pitching: RHP Harry Barnes
Batting: LHB Rusty Ney 0-0: Ball
1-0: Ball
2-0: Fly out, F8 (Flyball, 8RD, EV 106.3 MPH)
Batting: RHB Luis Romero 0-0: Ball
1-0: Foul Ball, location: 2F
1-1: Called Strike
1-2: Ball
2-2: Ball
3-2: Base on Balls
Batting: RHB Greg Burdine 0-0: Called Strike
0-1: Ball
1-1: Ball
2-1: Fielders Choice at 2nd, 5-4 (Groundball, 5, EV 104.4 MPH)
Batting: RHB Ben Herman 0-0: Called Strike
0-1: Fielders Choice at 2nd, 6-4 (Groundball, 6, EV 81.3 MPH)
Top of the 6th over - 0 runs, 0 hits, 0 errors, 1 left on base; Burlington 0 - Hickory 3
BOTTOM OF THE 6TH
Hickory Crawdads batting - Pitching for Burlington Bees : RHP Allen Weaver
Batting: LHB Nick Foutz 0-0: Foul Ball, location: 2F
0-1: Fly out, F3 (Popup, 34, EV 61.9 MPH)
Batting: LHB Casper Kersten 0-0: Ground out 3-1 (Groundball, 34S, EV 80.0 MPH)
Batting: RHB Jason Swisher 0-0: Foul Ball, location: 2F
0-1: Swinging Strike
0-2: Foul Ball, location: 2F
0-2: Ball
1-2: Foul Ball, location: 2F
1-2: Foul Ball, location: 2F
1-2: Ball
2-2: Strikes out swinging
Bottom of the 6th over - 0 runs, 0 hits, 0 errors, 0 left on base; Burlington 0 - Hickory 3
TOP OF THE 7TH
Burlington Bees batting - Pitching for Hickory Crawdads : RHP Harry Barnes
Pitching: RHP Zach Snodgrass
Batting: LHB Jorge Zermeno 0-0: Called Strike
0-1: Foul Ball, location: 2F
0-2: Ball
1-2: Ball
2-2: Strikes out swinging
Batting: SHB Tim Connell 0-0: Foul Ball, location: 2F
0-1: Ball
1-1: Called Strike
1-2: Strikes out looking
Batting: RHB Rob Bly 0-0: Ball
1-0: Ball
2-0: Ground out 6-3 (Groundball, 6, EV 85.0 MPH)
Top of the 7th over - 0 runs, 0 hits, 0 errors, 0 left on base; Burlington 0 - Hickory 3
BOTTOM OF THE 7TH
Hickory Crawdads batting - Pitching for Burlington Bees : RHP Allen Weaver
Pitching: LHP Jose Rivera
Batting: RHB Adryão Anto 0-0: Called Strike
0-1: Ground out 5-3 (Groundball, 5S, EV 70.0 MPH)
Batting: SHB Santos Renteria 0-0: Swinging Strike
0-1: Called Strike
0-2: Ball
1-2: Ball
2-2: Ball
3-2: Foul Ball, location: 2F
3-2: Foul Ball, location: 2F
3-2: Fly out, F7 (Line Drive, 7, EV 90.6 MPH)
Batting: RHB Jose Guerrero 0-0: Hit by Pitch
Batting: RHB Luke Stark 0-0: Called Strike
0-1: Ball
1-1: Ball
2-1: Foul Ball, location: 2F
2-2: Ball
3-2: Base on Balls
Jose Guerrero to second
Batting: LHB Franklin Quezada 0-0: Called Strike
0-1: Swinging Strike
0-2: Ball
1-2: Foul Ball, location: 2F
1-2: Ball
2-2: Foul Ball, location: 2F
2-2: Foul Ball, location: 2F
2-2: Strikes out looking
Bottom of the 7th over - 0 runs, 0 hits, 0 errors, 2 left on base; Burlington 0 - Hickory 3
TOP OF THE 8TH
Burlington Bees batting - Pitching for Hickory Crawdads : RHP Zach Snodgrass
Batting: RHB Jonathan Ellis 0-0: Called Strike
0-1: Ball
1-1: SINGLE (Line Drive, 78M, EV 101.9 MPH)
Batting: RHB Ryan Munro 0-0: Called Strike
0-1: Swinging Strike
0-2: Ball
1-2: Fielders Choice at 2nd, 4-6 (Groundball, 4, EV 80.0 MPH)
Batting: LHB Rusty Ney 0-0: Called Strike
0-1: Called Strike
0-2: Strikes out swinging
Batting: RHB Luis Romero 0-0: Called Strike
0-1: Foul Ball, location: 2F
0-2: Foul Ball, location: 2F
0-2: Strikes out swinging
Top of the 8th over - 0 runs, 1 hit, 0 errors, 1 left on base; Burlington 0 - Hickory 3
BOTTOM OF THE 8TH
Hickory Crawdads batting - Pitching for Burlington Bees : LHP Jose Rivera
Pitching: RHP Craig Murphy
Batting: RHB Doug Hammertime 0-0: Ball
1-0: Ball
2-0: Ball
3-0: Base on Balls
Batting: LHB Nick Foutz 0-0: Ball
1-0: Called Strike
Doug Hammertime steals 2nd base (no throw)
1-1: Foul Ball, location: 2F
1-2: Ground out 4-3 (Groundball, 4, EV 103.8 MPH)
Doug Hammertime to third
Batting: LHB Casper Kersten 0-0: Foul Ball, location: 2F
0-1: Foul Ball, location: 2F
0-2: Ball
1-2: SINGLE (Groundball, 4, EV 105.6 MPH)
Doug Hammertime scores
Batting: RHB Jason Swisher 0-0: Ball
Casper Kersten steals 2nd base
1-0: Called Strike
1-1: Foul Ball, location: 2F
1-2: Foul Ball, location: 2F
1-2: Strikes out swinging
Batting: RHB Adryão Anto 0-0: Ball
1-0: Ball
2-0: Foul Ball, location: 2F
2-1: Foul Ball, location: 2F
2-2: Foul Ball, location: 2F
2-2: Foul Ball, location: 2F
2-2: Foul Ball, location: 2F
2-2: Ball
3-2: Base on Balls
Batting: SHB Santos Renteria 0-0: Swinging Strike
0-1: Called Strike
0-2: Foul Ball, location: 2F
0-2: Ball
1-2: Foul Ball, location: 2F
Balk!
Casper Kersten to third
Adryão Anto to second
1-2: Strikes out swinging
Bottom of the 8th over - 1 run, 1 hit, 0 errors, 2 left on base; Burlington 0 - Hickory 4
TOP OF THE 9TH
Burlington Bees batting - Pitching for Hickory Crawdads : RHP Zach Snodgrass
Batting: RHB Greg Burdine 0-0: Called Strike
0-1: Ball
1-1: Ground out U3 (Groundball, 34, EV 106.9 MPH)
Batting: RHB Ben Herman 0-0: Ball
1-0: Called Strike
1-1: Foul Ball, location: 2F
1-2: Ball
2-2: Ground out 5-3 (Groundball, 56, EV 105.0 MPH)
Batting: LHB Jorge Zermeno 0-0: Called Strike
0-1: Foul Ball, location: 2F
0-2: Ball
1-2: Ball
2-2: Strikes out looking
Top of the 9th over - 0 runs, 0 hits, 0 errors, 0 left on base; Burlington 0 - Hickory 4
Thursday, March 31st , 2022 - OOTP Baseball 22.12 Build 89